Map: Winter's Gate LE

Players

Mez - Winner!

  • Race: Terran Terran
  • League: Master
  • Spawn Location: 11:00

A.I. 1 (Very Easy)

  • Race: Terran Terran
  • Spawn Location: 5:00

VOD

Have the link to the VOD?

Description

Time

  • Played on: Aug. 22, 2019, 8:40 p.m.
  • Length: 17:47
Show
View Real Time Build Order
Export as new Build Order

Mez Terran - Winner!

Build Orders: Reaper Expand 

Get SALT Encoding   

  12  0:00  SCV  
  13  0:13  SCV  
  14  0:19  Supply Depot  
  14  0:25  SCV  
  15  0:40  SCV  
  15  0:42  Barracks  
  16  0:44  Refinery  
  16  0:52  SCV  
  17  1:05  SCV  
  18  1:17  SCV  
  19  1:29  Reaper  
  19  1:30  Orbital Command  
  20  1:42  Command Center  
  20  1:52  Supply Depot  
  20  1:56  SCV  
  21  2:01  Marine  
  22  2:09  SCV  
  23  2:16  Factory  
  23  2:17  Refinery  
  23  2:21  SCV  
  23  2:22  Barracks Reactor  
  24  2:35  SCV  
  25  2:47  SCV  
  26  2:56  Orbital Command  
  26  3:02  Starport  
  26  3:04  SCV  
  27  3:06  Hellion  
  27  3:07  Hellion, Barracks Tech Lab  
  31  3:18  SCV  
  32  3:20  Supply Depot  
  32  3:22  SCV  
  33  3:29  Hellion  
  33  3:30  SCV  
  36  3:35  SCV  
  36  3:36  Hellion  
  36  3:39  Viking  
  41  3:45  Marine, Stimpack  
  41  3:46  SCV  
  43  3:51  Supply Depot  
  43  3:55  SCV  
  44  3:58  SCV  
  45  4:05  Marine  
  45  4:07  SCV  
  47  4:17  Starport Reactor  
  47  4:18  Barracks, Factory Reactor  
  47  4:19  SCV x2  
  47  4:21  Barracks  
  47  4:23  Marine  
  50  4:31  SCV x2  
  52  4:34  Command Center  
  52  4:40  Supply Depot  
  52  4:44  SCV x2  
  52  4:45  Marine  
  55  4:56  SCV x2, Medivac x2  
  61  5:02  Factory Tech Lab  
  61  5:06  Marine  
  62  5:08  Marine x2, SCV x2  
  62  5:11  Supply Depot  
  62  5:12  Marine x2  
  68  5:19  Engineering Bay  
  68  5:20  SCV, Engineering Bay  
  68  5:21  SCV  
  70  5:30  Refinery  
  70  5:32  Refinery  
  70  5:33  Marine x5, Siege Tank  
  70  5:34  Combat Shield  
  78  5:40  Supply Depot  
  78  5:45  SCV  
  78  5:47  Orbital Command  
  79  5:52  Marine x4  
  79  5:53  Marine  
  84  5:59  SCV x2  
  86  6:05  Siege Tank, Terran Infantry Armor Level 1, Terran Infantry Weapons Level 1  
  86  6:10  Marine x2, Supply Depot, Orbital Command  
  91  6:13  Supply Depot  
  91  6:22  Marine x3, Supply Depot  
  91  6:24  Medivac x2  
  98  6:26  SCV x2  
  100  6:34  Marine x2, Supply Depot  
  100  6:36  SCV  
  100  6:38  SCV  
  104  6:43  Marine x3  
  104  6:45  Siege Tank  
  110  6:52  Marine x2  
  110  6:53  SCV x2  
  114  6:55  Liberator  
  114  6:56  Liberator  
  114  6:57  Barracks  
  114  6:58  Barracks  
  114  7:01  Marine x2  
  114  7:02  Marine, SCV  
  114  7:05  SCV x2  
  120  7:14  SCV  
  127  7:18  SCV, Armory  
  128  7:25  Supply Depot  
  128  7:26  Supply Depot  
  128  7:28  Marine x3, Siege Tank  
  133  7:47  Marine x4, SCV x3  
  133  7:49  Command Center  
  133  7:51  Factory  
  141  7:52  Supply Depot  
  141  7:53  Supply Depot x2  
  141  7:59  SCV x2, Barracks Reactor x2  
  142  8:11  Marine x5  
  147  8:12  Medivac  
  147  8:13  Siege Tank, SCV x2, Medivac  
  147  8:17  Supply Depot  
  156  8:31  Supply Depot  
  156  8:40  SCV x2, Terran Infantry Weapons Level 2  
  158  8:42  Terran Infantry Armor Level 2  
  158  8:43  Marine  
  158  8:44  Marine x8  
  158  8:45  Factory Tech Lab  
  158  8:48  Refinery  
  164  8:49  Refinery  
  164  9:01  Marine x2  
  169  9:10  Marine x6, Siege Tank x2  
  169  9:11  Marine  
  179  9:23  Marine  
  179  9:24  Marine  
  180  9:26  Refinery  
  180  9:28  Barracks  
  180  9:30  Barracks  
  181  9:33  Barracks  
  181  9:34  Marine x7  
  181  9:36  Medivac x2  
  192  9:39  Refinery  
  192  9:40  Planetary Fortress  
  192  9:41  Marine  
  192  9:42  Marine  
  194  10:25  Siege Tank x2  
  200  14:25  Terran Infantry Armor Level 3, Terran Infantry Weapons Level 3  
  174  14:47  Marine x7  
  163  15:08  Armory  
  163  16:01  Marine x7  
  170  16:10  Concussive Shells  
  170  17:11  Marine x10  
Show
View Real Time Build Order
Export as new Build Order

A.I. 1 (Very Easy) Terran 

Build Orders:  

Get SALT Encoding   

  12  0:00  SCV  
  13  0:13  SCV  
  14  0:18  Supply Depot  
  14  0:37  Refinery  
  14  0:42  Barracks  
  14  1:05  Supply Depot  
  14  1:11  Refinery  
  14  1:29  Barracks Tech Lab  
  14  1:30  Orbital Command  
  14  1:47  Marauder  
  16  1:55  SCV  
  17  2:08  SCV  
  18  2:20  SCV  
  19  2:31  Marine  
  19  2:32  SCV  
  22  2:44  SCV  
  22  2:56  SCV  
  23  3:15  Marine  
  24  4:10  SCV  
  24  6:35  SCV  
  24  6:36  Marine  
  24  6:38  Supply Depot  
  26  6:41  Factory  
  26  6:42  Command Center  
  26  6:47  SCV  
  27  7:00  SCV  
  28  7:01  Supply Depot  
  28  7:10  Marine  
  28  7:12  SCV  
  29  7:24  SCV  
  29  7:27  Starport  
  26  7:44  Marine  
  27  7:55  SCV  
  28  8:03  SCV  
  28  8:05  Refinery  
  29  8:06  Starport Tech Lab  
  29  8:08  Refinery  
  29  8:10  SCV  
  30  8:17  Marine, SCV  
  32  8:24  SCV  
  32  8:25  Raven  
  35  8:31  SCV  
  35  8:38  SCV  
  31  8:46  SCV  
  31  8:47  Hellion  
  25  8:53  SCV  
  20  9:00  SCV  
  18  9:07  SCV  
  18  9:08  Raven  
  21  9:14  SCV  
  21  9:15  Marine  
  22  9:21  SCV  
  20  9:29  SCV  
  20  9:36  SCV  
  21  9:43  SCV  
  21  9:44  Hellion  
  22  9:50  SCV  
  23  9:57  SCV  
  23  10:04  SCV  
  24  10:12  SCV, Marauder  
  25  10:19  SCV  
  25  10:26  SCV  
  25  10:33  SCV  
  26  10:40  SCV  
  24  10:45  Marine  
  24  10:47  SCV  
  26  10:55  SCV  
  26  11:02  SCV  
  27  11:09  SCV  
  27  11:16  SCV  
  27  11:19  Marine  
  27  11:23  SCV  
  28  11:30  SCV  
  29  11:38  SCV  
  29  11:45  SCV  
  29  11:52  SCV  
  29  11:53  Marauder  
  31  11:59  SCV  
  32  12:06  SCV  
  32  12:13  SCV  
  33  12:20  SCV  
  33  12:24  Marine  
  33  12:25  Medivac  
  33  12:28  SCV  
  35  12:35  SCV  
  35  12:42  Marine, SCV  
  33  12:49  SCV  
  28  12:55  Medivac  
  28  12:56  SCV  
  26  13:00  Marine  
  26  13:03  SCV  
  26  13:10  SCV  
  26  13:18  Marine, SCV  
  27  13:25  SCV, Raven  
  29  13:32  SCV  
  29  13:36  Marine  
  29  13:39  SCV  
  31  13:46  SCV  
  30  13:53  SCV  
  30  13:54  Marine  
  32  14:00  SCV  
  31  14:08  SCV  
  32  14:12  Marauder  
  32  14:15  SCV  
  33  14:22  SCV  
  28  14:29  SCV  
  24  14:33  Marine  
  24  14:37  SCV  
  26  14:44  SCV  
  25  14:51  Marine, SCV  
  26  14:58  SCV  
  25  15:05  SCV  
  26  15:08  Marine  
  26  15:12  SCV  
  27  15:19  SCV  
  27  15:26  Marine  
  27  15:27  SCV  
  26  15:34  SCV  
  23  15:41  SCV  
  23  15:44  Marine  
  23  15:48  SCV  
  24  15:55  SCV  
  19  16:02  Marine, SCV  
  20  16:10  SCV  
  19  16:17  SCV  
  17  16:20  Reaper  
  17  16:24  SCV  
  18  16:31  SCV  
  18  16:38  SCV  
  18  16:45  SCV  
  19  16:52  Marine, SCV  
  20  17:00  SCV  
  18  17:07  SCV  
  17  17:10  Marauder  
  17  17:14  SCV  
  19  17:21  SCV  
  18  17:28  SCV  
Tags
 
Add a new tag
Caveats
  • Supply blocks, unpowered buildings, or Contaminate may cause inaccurate times.
  • Supply counts are checked every 10 seconds.